 Dungeon Sprint DCSS version 0.20.1-1-g8b1a95d (console) character file.

562 hilaritas the Arsonist (level 7, -24/36 HPs)
             Began as a Deep Elf Fire Elementalist on Sept 3, 2017.
             Was an Elder of Vehumet.
             Annihilated by a battleaxe of freezing (25 damage)
             ... in the Dungeon (Sprint V: "Ziggurat Sprint").
             The game lasted 00:07:35 (715 turns).

hilaritas the Arsonist (Deep Elf Fire Elementalist)  Turns: 715, Time: 00:07:35

Health: -24/36     AC:  5    Str:  6    XL:     7   Next: 10%
Magic:  17/22      EV: 12    Int: 33    God:    Vehumet [****..]
Gold:   0          SH:  8    Dex: 15    Spells: 9/25 levels left

rFire    + + .     SeeInvis .   Q - staff of fire
rCold    . . .     Gourm    .   k - +3 buckler
rNeg     . . .     Faith    .   Y - +2 leather armour {rF+}
rPois    .         Spirit   .   (no helmet)
rElec    .         Reflect  .   (no cloak)
rCorr    .         Harm     .   (no gloves)
MR       .....     NoTele   +   (no boots)
Stlth    ++........             (no amulet)
Regen    0.2/turn               I - +6 ring of intelligence
MPRegen  0.2/turn               J - +6 ring of intelligence

@: slowed, very slow
A: no striking features
a: Renounce Religion


You were in the Dungeon.
You worshipped Vehumet.
Vehumet was greatly pleased with you.
You were not hungry.

You visited 1 branch

Inventory:

Hand Weapons
 N - the +6 shillelagh "Devastator" {shatter}
   (You found it in the Dungeon)
Missiles
 P - 1000 arrows
Armour
 j - +5 fire dragon scales
 k - a +3 buckler (worn)
 l - +5 ice dragon scales
 Y - a +2 leather armour of fire resistance (worn)
Magical Staves
 p - an uncursed staff of wizardry
 F - an uncursed staff of energy
 Q - an uncursed staff of fire (weapon)
 U - an uncursed staff of conjuration
 V - an uncursed staff of power
 W - an uncursed staff of cold
 X - an uncursed staff of summoning
Jewellery
 a - a +3 ring of strength
 G - a +6 ring of dexterity
 H - a +6 ring of dexterity
 I - a +6 ring of intelligence (left hand)
 J - a +6 ring of intelligence (right hand)
 K - a +6 ring of strength
 L - a +6 ring of strength
 M - an uncursed ring of flight
Wands
 B - a wand of disintegration (7/24)
 C - a wand of iceblast (5/15)
 D - a wand of lightning (5/15)
 E - a wand of acid (5/15)
Scrolls
 i - 4 scrolls of blinking
 s - 4 scrolls of amnesia
 t - 3 scrolls of recharging
 u - 7 scrolls of fog
 v - a scroll of holy word
 w - 5 scrolls of identify
 x - 5 scrolls of remove curse
 y - 2 scrolls of fear
Potions
 d - 8 potions of curing
 e - 10 potions of heal wounds
 f - 6 potions of haste
 g - 6 potions of magic
 h - 3 potions of berserk rage
 m - 2 potions of brilliance
 n - 2 potions of invisibility
 o - 4 potions of resistance
 q - 6 potions of agility
 r - 5 potions of might
Books
 b - a book of Flames

   Spells                             Type                      Level
   a - Flame Tongue                   Conjuration/Fire             1
   b - Throw Flame                    Conjuration/Fire             2
   c - Conjure Flame                  Conjuration/Fire             3
   d - Inner Flame                    Hexes/Fire                   3
   e - Sticky Flame                   Conjuration/Fire             4
   f - Fireball                       Conjuration/Fire             5
 R - a book of Party Tricks

   Spells                             Type                      Level
   a - Summon Butterflies             Summoning                    1
   b - Apportation                    Translocation                1
   c - Lesser Beckoning               Translocation                3
   d - Tukima's Dance                 Hexes                        3
   e - Alistair's Intoxication        Transmutation/Poison         5
   f - Invisibility                   Hexes                        6
Miscellaneous
 O - a lightning rod (4/4)
 S - a fan of gales
 T - a phial of floods
 Z - a lamp of fire
Comestibles
 c - 5 bread rations
 z - 42 fruits
 A - 4 meat rations


   Skills:
 - Level 2.4 Dodging
 - Level 2.4 Stealth
 - Level 5.0 Shields
 - Level 9.9 Spellcasting
 * Level 9.4 Conjurations
 - Level 10.3 Fire Magic


You had 9 spell levels left.
You knew the following spells:

 Your Spells              Type           Power        Failure   Level  Hunger
a - Flame Tongue          Conj/Fire      #####        1%          1    None
b - Throw Flame           Conj/Fire      ######       1%          2    None
c - Fireball              Conj/Fire      #######...   1%          5    ###....
d - Summon Butterflies    Summ           ###.....     4%          1    None
e - Apportation           Tloc           ###...       4%          1    None
f - Invisibility          Hex            ###.....     100%        6    #####..


Dungeon Overview and Level Annotations

Branches:
Dungeon (1/1)

Altars:
Ashenzari
Cheibriados
Dithmenos
Elyvilon
Fedhas
Gozag
Hepliaklqana
Kikubaaqudgha
Makhleb
Nemelex Xobeh
Okawaru
Qazlal
Ru
Sif Muna
Trog
Uskayaw
Vehumet
Xom
Yredelemnul
Zin
The Shining One
Beogh
Jiyva
Lugonu

Annotations:
D 1 transporter


Message History

Aiming: Fireball
Press: ? - help, Shift-Dir - straight line, f - fire elemental
Aim: a fire elemental (summoned)
You feel a surge of power!
The fireball explodes!
The fireball engulfs the deep elf archer.
The deep elf archer is moderately wounded.
The fireball engulfs the deep elf mage.
The deep elf mage is severely wounded.
The fireball engulfs the dire flail of protection.
The dire flail of protection resists.
The dire flail of protection is lightly damaged.
The fireball engulfs the deep elf elementalist.
The deep elf elementalist is heavily wounded.
The fireball engulfs the fire elemental.
The fire elemental completely resists.
The dire flail of protection hits you!!
Ouch! That really hurt!
* * * LOW HITPOINT WARNING * * *
The battleaxe of freezing hits you!!
Ouch! That really hurt!
You die...

▓........▓........▓
▓▓▓▓▓▓▓▓▓▓▓▓▓▓▓▓▓▓▓
▓..8©8..▓ ▓..}))..▓
▓..}(}.§▓ ▓....e§.▓
▓...eeE.▓ ▓..((...▓
▓...@...▓ ▓.▓...▓.▓
▓.......▓ ▓▓▓▓▓▓▓▓▓


You could see a deep elf elementalist, a deep elf archer, a deep elf mage, a
fire elemental and 3 dancing weapons.

Vanquished Creatures
  A tarantella (D)
  A porcupine (D)
  A phantom (D)
  3 scorpions (D)
  An orc priest (D)
  An orc wizard (D)
  A river rat (D)
  A white imp (D)
  An adder zombie (D)
  A bat skeleton (D)
  2 bat zombies (D)
  A jackal (D)
  A ball python zombie (D)
  A leopard gecko skeleton (D)
  A leopard gecko zombie (D)
18 creatures vanquished.

Notes
Turn   | Place    | Note
-------+----------+-------------------------------------------
     0 | D        | hilaritas the Deep Elf Fire Elementalist began the quest for the Orb.
     0 | D        | Reached XP level 1. HP: 10/10 MP: 6/6
     1 | D        | Found a blossoming altar of Fedhas.
     3 | D        | Found a viscous altar of Jiyva.
     3 | D        | Found a hazy altar of Hepliaklqana.
     3 | D        | Found a transporter.
     3 | D        | Found an opulent altar of Gozag.
     3 | D        | Found an ancient bone altar of Kikubaaqudgha.
     3 | D        | Found a corrupted altar of Lugonu.
    19 | D        | Found a deep blue altar of Sif Muna.
    19 | D        | Found a sacrificial altar of Ru.
    19 | D        | Found a bloodstained altar of Trog.
    19 | D        | Found a stormy altar of Qazlal.
    19 | D        | Found an iron altar of Okawaru.
    19 | D        | Found a sparkling altar of Nemelex Xobeh.
    21 | D        | Found a burning altar of Makhleb.
    40 | D        | Became a worshipper of Vehumet
    73 | D        | Reached XP level 2. HP: 15/15 MP: 8/8
    77 | D        | Learned a level 2 spell: Throw Flame
    82 | D        | Entered arena 2.
    82 | D        | Found a transporter.
    84 | D        | Reached skill level 5 in Conjurations
    84 | D        | Reached skill level 5 in Fire Magic
    84 | D        | Reached XP level 3. HP: 19/19 MP: 4/9
    88 | D        | Reached skill level 6 in Fire Magic
   162 | D        | Entered arena 3.
   162 | D        | Noticed a porcupine
   162 | D        | Found a transporter.
   164 | D        | Reached * piety under Vehumet
   164 | D        | Offered knowledge of Sandblast by Vehumet.
   164 | D        | Reached XP level 4. HP: 24/24 MP: 7/12
   166 | D        | Killed a porcupine
   166 | D        | Reached XP level 5. HP: 28/28 MP: 4/19
   283 | D        | Entered arena 4.
   283 | D        | Noticed a tarantella
   283 | D        | Found a transporter.
   286 | D        | Killed a tarantella
   286 | D        | Reached ** piety under Vehumet
   286 | D        | Reached skill level 9 in Fire Magic
   286 | D        | Reached XP level 6. HP: 32/32 MP: 13/20
   297 | D        | Reached skill level 10 in Fire Magic
   307 | D        | Learned a level 5 spell: Fireball
   506 | D        | Entered arena 5.
   506 | D        | Found a transporter.
   507 | D        | Offered knowledge of Magic Dart by Vehumet.
   507 | D        | Reached *** piety under Vehumet
   532 | D        | Entered arena 6.
   532 | D        | Found a transporter.
   534 | D        | Reached **** piety under Vehumet
   541 | D        | Reached skill level 5 in Shields
   541 | D        | Reached XP level 7. HP: 35/36 MP: 4/22
   660 | D        | Learned a level 1 spell: Summon Butterflies
   662 | D        | Learned a level 1 spell: Apportation
   669 | D        | Learned a level 6 spell: Invisibility
   712 | D        | Entered arena 7.
   712 | D        | Noticed a deep elf elementalist
   712 | D        | Noticed a battleaxe of freezing
   712 | D        | Noticed a deep elf mage
   712 | D        | Noticed a dire flail of protection
   712 | D        | Noticed a vampiric halberd
   712 | D        | Noticed a deep elf archer
   713 | D        | Found a transporter.
   714 | D        | Noticed a fire elemental
   715 | D        | HP: 1/36 [dire flail of protection (24)]
   715 | D        | Annihilated by a battleaxe of freezing

Skill      XL: |  1  2  3  4  5  6 |
---------------+-------------------+-----
Shields        | 4 5 |  5.0
Conjurations   | 4 5 7 9 |  9.4
Fire Magic     | 5 6 9 10 | 10.3
Spellcasting   | 4 9 |  9.9
Dodging        | |  2.4
Stealth        | |  2.4

Action                   |  1- 3 |  4- 6 |  7- 9 || total
-------------------------+-------+-------+-------++-------
Melee: Staff             |     1 |       |     2 ||     3
       Shillelagh        |     1 |       |       ||     1
 Cast: Throw Flame       |     4 |    19 |       ||    23
       Fireball          |       |     4 |     3 ||     7
  Use: Potion            |     1 |     3 |       ||     4
Armor: Robe              |       |     7 |     5 ||    12
Dodge: Dodged            |       |    20 |    13 ||    33
Block: Buckler           |       |    24 |    12 ||    36
